Jets vs Blues
Created - November 22, 2017 at 23:25
Goals
|
Jets |
1 |
3 |
0 |
4 |
Blues |
1 |
3 |
1 |
5 |
|
Shots
|
Jets |
11 |
6 |
15 |
32 |
Blues |
14 |
11 |
7 |
32 |
|
1st period
1. Jets , Benoit Pouliot 10 (Derek Stepan 9) at 9:50
2. Blues , Logan Couture 4 (Victor Hedman 5) at 13:37
Penalties :
Eric Gelinas (Win) for Tripping (Minor) at 6:29, Marco Scandella (Win) for Goalie Interference (Minor) at 10:27
2nd period
3. Blues , Nicklas Backstrom 6 (Alex Pietrangelo 13, Patrick Kaleta 6) at 0:08
4. Jets , Dustin Brown 4 (Benoit Pouliot 14, Marco Scandella 12) at 2:18 (PP)
5. Jets , Benoit Pouliot 11 (Derek Stepan 10, Dustin Brown 10) at 4:29
6. Blues , David Perron 9 (Alex Pietrangelo 14, Nicklas Backstrom 16) at 4:47 (PP)
7. Jets , Benoit Pouliot 12 (Derek Roy 10, Dustin Brown 11) at 5:00 (PP)
8. Blues , David Perron 10 (Nicklas Backstrom 17, Travis Zajac 8) at 14:20
Penalties :
Patrick Kaleta (STL) for Slashing (Minor) at 2:00, Anton Volchenkov (Win) for Interference (Minor) at 4:38, David Perron (STL) for Holding (Minor) at 4:52, Drew Fata (STL) for Hooking (Minor) at 5:20, George Parros (STL) for Hooking (Minor) at 7:53, Jake Gardiner (STL) for High sticking (Minor) at 9:15, Tuukka Rask (STL) for Slashing (Minor) at 11:24 - Nicklas Backstrom served the penalty, Joe Colborne (Win) for Charging (Minor) at 15:19
3rd period
9. Blues , Drew Stafford 2 (Logan Couture 3, Linus Omark 4) at 1:16
Penalties :
Marcel Hossa (STL) for Hooking (Minor) at 10:45, Alex Pietrangelo (STL) for Holding (Minor) at 17:56
Goalie Stats
Jacob Markstrom (Win), 27 saves from 32 shots - (0.844), L, 5-6-1, 60:00 minutes
Tuukka Rask (STL), 28 saves from 32 shots - (0.875), W, 9-6-0, 60:00 minutes
Players Stats for Jets
Player Name G A P +/- PIM S H SB GA TA FO MP PP MP PK MP
------------------------------------------------------------------------------------
Anton Volchenkov 0 0 0 0 2 2 1 2 0 0 0/0 21:56 4:40 3:19
Benoit Pouliot 3 1 4 1 0 7 2 0 2 0 0/1 19:28 6:11 0:49
Derek Roy 0 1 1 -3 0 1 1 1 0 0 15/29 22:45 5:55 2:59
Derek Stepan 0 2 2 1 0 0 1 0 0 0 10/20 18:03 5:08 0:26
Devin Setoguchi 0 0 0 -2 0 2 0 0 1 1 1/2 16:43 4:47 0:00
Dustin Brown 1 2 3 1 0 1 2 1 1 1 0/1 21:09 6:28 2:12
Eric Gelinas 0 0 0 -1 2 2 0 1 0 2 0/0 19:51 4:40 0:33
Erik Haula 0 0 0 -1 0 0 0 0 1 0 0/2 12:49 0:44 3:05
Fredrik Sjostrom 0 0 0 0 0 2 1 0 0 0 1/2 8:46 0:00 0:00
Jimmy Hayes 0 0 0 0 0 2 0 0 0 0 0/0 6:42 0:00 0:00
Joe Colborne 0 0 0 0 2 5 1 1 0 0 1/5 8:07 0:00 1:25
Justin Falk 0 0 0 -1 0 0 0 2 0 0 0/0 13:04 0:00 2:26
Lee Stempniak 0 0 0 -1 0 0 0 0 1 0 0/0 10:32 0:28 0:00
Marco Scandella 0 1 1 -1 2 0 0 1 0 4 0/0 27:59 7:03 2:14
Marcus Johansson 0 0 0 -2 0 3 2 0 2 1 0/0 16:44 4:48 0:00
Mikko Koivu 0 0 0 0 0 3 0 0 0 0 1/3 11:04 0:40 1:16
Tomas Kundratek 0 0 0 -1 0 1 1 0 0 0 0/0 10:30 0:00 0:00
Tyler Myers 0 0 0 0 0 1 3 1 0 0 0/0 27:38 7:03 3:40
Players Stats for Blues
Player Name G A P +/- PIM S H SB GA TA FO MP PP MP PK MP
------------------------------------------------------------------------------------
Alex Pietrangelo 0 2 2 -1 2 5 1 0 1 0 0/0 24:32 3:53 2:00
Bryce Lampman 0 0 0 1 0 0 0 2 0 1 0/0 23:48 0:00 6:49
Chris Higgins 0 0 0 0 0 2 1 0 0 1 1/1 8:05 1:56 0:29
Cody Franson 0 0 0 1 0 0 4 0 0 0 0/0 17:04 2:13 4:39
David Perron 2 0 2 0 2 6 2 0 3 0 1/1 19:32 3:14 1:01
Drew Fata 0 0 0 1 2 1 2 2 0 1 0/0 20:35 0:00 5:12
Drew Stafford 1 0 1 2 0 2 1 0 1 1 0/0 14:46 0:11 3:19
George Parros 0 0 0 0 2 0 2 0 0 0 0/0 10:03 0:00 0:00
Jake Gardiner 0 0 0 1 2 0 1 0 1 0 0/0 20:42 3:53 3:40
Linus Omark 0 1 1 2 0 1 1 1 0 0 0/0 9:58 0:38 0:00
Logan Couture 1 1 2 2 0 2 2 1 0 2 5/9 13:20 0:00 3:39
Marcel Hossa 0 0 0 0 2 2 0 0 0 0 0/0 6:54 0:06 0:00
Nicklas Backstrom 1 2 3 0 0 4 2 0 1 1 22/37 19:58 3:03 2:05
Patrick Kaleta 0 1 1 -1 2 2 1 0 0 1 0/0 23:05 2:52 5:53
Sergei Shirokov 0 0 0 0 0 1 0 0 1 0 0/0 13:28 3:03 0:00
Tomas Plekanec 0 0 0 0 0 3 2 0 0 0 0/1 7:00 0:23 0:13
Travis Zajac 0 1 1 1 0 1 0 0 1 0 7/16 21:15 2:52 6:10
Victor Hedman 0 1 1 1 0 0 2 1 0 0 0/0 13:28 2:13 1:05
3 Stars
1 - Benoit Pouliot (Win)
2 - Dustin Brown (Win)
3 - Logan Couture (STL)
Power Play
Jets - 2 on 8 Attempt(s) - 25.00%
Blues - 1 on 4 Attempt(s) - 25.00%
Penalty Kill
Jets - 3 on 4 Attempt(s) - 75.00%
- Score 0 goal in Penalty Kill
Blues - 6 on 8 Attempt(s) - 75.00%
- Score 0 goal in Penalty Kill
Team Stat
Jets - Hits : 15 - Faceoff Wins : 29 - Blocked Shots : 10 - Penalty Minutes : 8
Blues - Hits : 24 - Faceoff Wins : 36 - Blocked Shots : 7 - Penalty Minutes : 16
Official
Referees : VanMassenhoven Don and Watson Brad
Linesman : Pierre Racicot and Mike Cvik
Game Notes
Benoit Pouliot has scored a Hat Trick!
Chris Higgins is injured at 11:22 of 2nd period (Sprained Left Finger)
Finance
Level 1 -- Attendance: 5940 (99.00%) -- Ticket Income $528,660
Level 2 -- Attendance: 4757 (95.14%) -- Ticket Income $271,149
Level 3 -- Attendance: 1781 (89.05%) -- Ticket Income $62,335
Level 4 -- Attendance: 3552 (88.80%) -- Ticket Income $85,248
Luxury Box -- Attendance: 673 (67.30%) -- Ticket Income $117,102
Game was played at the Scotttrade center.
Total Attendance: 16703 (92.79%)
Total Ticket Income: $1,064,494
Other Income: $159,674
Total Income: $1,224,168
Jets
5 vs 5 Forward
Center Left Wing Right Wing Time % Phy DF OF
1 Derek Stepan Benoit Pouliot Dustin Brown 36 0 0 5
2 Derek Roy Marcus Johansson Devin Setoguchi 30 0 0 5
3 Mikko Koivu Fredrik Sjostrom Lee Stempniak 22 1 2 2
4 Joe Colborne Erik Haula Jimmy Hayes 12 1 2 2
5 vs 5 Defense
Defense Defense Time % Phy DF OF
1 Marco Scandella Tyler Myers 40 1 2 2
2 Anton Volchenkov Eric Gelinas 30 1 2 2
3 Justin Falk Tomas Kundratek 20 1 2 2
4 Eric Gelinas Marco Scandella 10 1 3 1
PowerPlay Forward
Center Left Wing Right Wing Time % Phy DF OF
1 Derek Roy Benoit Pouliot Dustin Brown 60 0 1 4
2 Derek Stepan Marcus Johansson Devin Setoguchi 40 0 1 4
PowerPlay Defense
Defense Defense Time % Phy DF OF
1 Marco Scandella Tyler Myers 60 0 2 3
2 Eric Gelinas Anton Volchenkov 40 0 2 3
Penalty Kill 4 Players Forward
Center Wing Time % Phy DF OF
1 Derek Roy Erik Haula 60 1 2 2
2 Joe Colborne Dustin Brown 40 1 3 1
Penalty Kill 4 Players Defense
Defense Defense Time % Phy DF OF
1 Tyler Myers Marco Scandella 60 1 4 0
2 Justin Falk Anton Volchenkov 40 1 4 0
Penalty Kill - 3 Players Forward
Forward Time % Phy DF OF
1 Erik Haula 60 1 2 2
2 Dustin Brown 40 1 2 2
Penalty Kill - 3 Players Defense
Defense Defense Time % Phy DF OF
1 Marco Scandella Tyler Myers 60 1 2 2
2 Justin Falk Anton Volchenkov 40 1 2 2
4 vs 4 Forward
Center Wing Time % Phy DF OF
1 Derek Stepan Dustin Brown 60 1 2 2
2 Derek Roy Benoit Pouliot 40 1 2 2
4 vs 4 Defense
Defense Defense Time % Phy DF OF
1 Tyler Myers Marco Scandella 60 1 2 2
2 Eric Gelinas Anton Volchenkov 40 1 2 2
Last Minutes Offensive
Center Left Wing Right Wing Defense Defense
Derek Roy Benoit Pouliot Dustin Brown Marco Scandella Tyler Myers
Last Minutes Defensive
Center Left Wing Right Wing Defense Defense
Derek Roy Erik Haula Dustin Brown Marco Scandella Tyler Myers
Goaltenders
Starting : Jacob Markstrom
Backup : Kari Lehtonen
Extra Forwards
Normal : Derek Roy, Benoit Pouliot, Dustin Brown - PP : Derek Roy, Benoit Pouliot - PK : Derek Roy
Extra Defensemen
Normal : Anton Volchenkov, Tyler Myers, Marco Scandella - PP : Anton Volchenkov - PK : Marco Scandella, Tyler Myers
Penalty Shots
Derek Roy, Benoit Pouliot, Dustin Brown, Mikko Koivu, Derek Stepan
Scratches
Eric Fehr (Healthy), Kevin Klein (Healthy), Michael Rupp (Healthy)
Blues
5 vs 5 Forward
Center Left Wing Right Wing Time % Phy DF OF
1 Nicklas Backstrom David Perron Patrick Kaleta 40 1 2 2
2 Travis Zajac Chris Higgins Sergei Shirokov 30 1 2 2
3 Logan Couture Linus Omark Drew Stafford 20 1 2 2
4 Tomas Plekanec Marcel Hossa George Parros 10 1 2 2
5 vs 5 Defense
Defense Defense Time % Phy DF OF
1 Alex Pietrangelo Bryce Lampman 40 1 2 2
2 Jake Gardiner Drew Fata 30 1 2 2
3 Victor Hedman Cody Franson 20 1 2 2
4 Alex Pietrangelo Drew Fata 10 1 2 2
PowerPlay Forward
Center Left Wing Right Wing Time % Phy DF OF
1 Nicklas Backstrom David Perron Sergei Shirokov 60 1 2 2
2 Travis Zajac Chris Higgins Patrick Kaleta 40 1 2 2
PowerPlay Defense
Defense Defense Time % Phy DF OF
1 Jake Gardiner Alex Pietrangelo 60 1 2 2
2 Cody Franson Victor Hedman 40 1 2 2
Penalty Kill 4 Players Forward
Center Wing Time % Phy DF OF
1 Travis Zajac Patrick Kaleta 60 1 2 2
2 Logan Couture Drew Stafford 40 1 2 2
Penalty Kill 4 Players Defense
Defense Defense Time % Phy DF OF
1 Drew Fata Bryce Lampman 60 1 2 2
2 Cody Franson Jake Gardiner 40 1 2 2
Penalty Kill - 3 Players Forward
Forward Time % Phy DF OF
1 Travis Zajac 60 1 2 2
2 Tomas Plekanec 40 1 2 2
Penalty Kill - 3 Players Defense
Defense Defense Time % Phy DF OF
1 Bryce Lampman Drew Fata 60 1 2 2
2 Alex Pietrangelo Jake Gardiner 40 1 2 2
4 vs 4 Forward
Center Wing Time % Phy DF OF
1 Travis Zajac David Perron 60 1 2 2
2 Nicklas Backstrom Sergei Shirokov 40 1 2 2
4 vs 4 Defense
Defense Defense Time % Phy DF OF
1 Victor Hedman Alex Pietrangelo 60 1 2 2
2 Drew Fata Jake Gardiner 40 1 2 2
Last Minutes Offensive
Center Left Wing Right Wing Defense Defense
Nicklas Backstrom David Perron Sergei Shirokov Jake Gardiner Alex Pietrangelo
Last Minutes Defensive
Center Left Wing Right Wing Defense Defense
Travis Zajac Linus Omark Patrick Kaleta Bryce Lampman Drew Fata
Goaltenders
Starting : Tuukka Rask
Backup : Ray Emery
Extra Forwards
Normal : George Parros, Drew Stafford, David Perron - PP : Linus Omark, Tomas Plekanec - PK : Nicklas Backstrom
Extra Defensemen
Normal : Jake Gardiner, Cody Franson, Drew Fata - PP : Drew Fata - PK : Alex Pietrangelo, Victor Hedman
Penalty Shots
David Perron, Logan Couture, Nicklas Backstrom, Sergei Shirokov, Travis Zajac
Scratches
Chris Higgins (Sprained Left Finger Injury), Jamie Langenbrunner (Healthy), Taylor Hall (Right Forearm Injury)
% Time on Ice - Jets
Lines # - Real PCT - Wanted PCT - Time Play
Normal Forward
1 - 35% - 36% - 14:43
2 - 28% - 30% - 11:57
3 - 21% - 22% - 8:46
4 - 16% - 12% - 6:42
Normal Defense
1 - 40% - 40% - 16:55
2 - 30% - 30% - 12:50
3 - 25% - 20% - 10:30
4 - 4% - 10% - 1:53
PP Forward
1 - 54% - 60% - 6:23
2 - 46% - 40% - 5:20
PP Defense
1 - 60% - 60% - 7:03
2 - 40% - 40% - 4:40
PK Forward
1 - 64% - 60% - 3:54
2 - 36% - 40% - 2:12
PK Defense
1 - 69% - 60% - 4:13
2 - 31% - 40% - 1:53
PK3 Forward
1 - 0% - 60%
2 - 0% - 40%
PK3 Defense
1 - 0% - 60%
2 - 0% - 40%
44 Forward
1 - 0% - 60%
2 - 0% - 40%
44 Defense
1 - 0% - 60%
2 - 0% - 40%
Last Minute Offensive - 0:03
Last Minute Defensive - 0:00
Total
Forward - 60:00
Defense - 60:00
|
% Time on Ice - Blues
Lines # - Real PCT - Wanted PCT - Time Play
Normal Forward
1 - 35% - 40% - 14:37
2 - 28% - 30% - 11:50
3 - 22% - 20% - 9:18
4 - 15% - 10% - 6:24
Normal Defense
1 - 43% - 40% - 17:59
2 - 30% - 30% - 12:27
3 - 23% - 20% - 9:42
4 - 5% - 10% - 2:01
PP Forward
1 - 50% - 60% - 3:03
2 - 50% - 40% - 3:03
PP Defense
1 - 64% - 60% - 3:53
2 - 36% - 40% - 2:13
PK Forward
1 - 70% - 60% - 7:47
2 - 30% - 40% - 3:19
PK Defense
1 - 59% - 60% - 6:33
2 - 41% - 40% - 4:33
PK3 Forward
1 - 65% - 60% - 0:24
2 - 35% - 40% - 0:13
PK3 Defense
1 - 0% - 60% - 0:00
2 - 100% - 40% - 0:37
44 Forward
1 - 0% - 60%
2 - 0% - 40%
44 Defense
1 - 0% - 60%
2 - 0% - 40%
Last Minute Offensive - 0:00
Last Minute Defensive - 0:02
Total
Forward - 60:00
Defense - 60:00
|
Play by Play
1st period
0:01 of 1st period - Derek Stepan wins face-off versus Nicklas Backstrom in neutral zone.
1:01 of 1st period - Snap shot by Linus Omark.
1:01 of 1st period - Shot Blocked by Joe Colborne.
1:13 of 1st period - Snap shot by Lee Stempniak.
1:13 of 1st period - Shot Misses the Net.
1:15 of 1st period - Slapshot by Anton Volchenkov.
1:15 of 1st period - Shot Misses the Net.
1:31 of 1st period - Justin Falk is hit by David Perron and loses puck.
1:54 of 1st period - Wrist shot by Chris Higgins.
1:54 of 1st period - Shot Blocked by Justin Falk.
1:56 of 1st period - Snap shot by Sergei Shirokov.
1:56 of 1st period - Stopped by Jacob Markstrom with a rebound.
1:58 of 1st period - Snap shot by Travis Zajac.
1:58 of 1st period - Stopped by Jacob Markstrom with a rebound.
2:34 of 1st period - Snap shot by Devin Setoguchi.
2:34 of 1st period - Shot Misses the Net.
2:36 of 1st period - Snap shot by Mikko Koivu.
2:36 of 1st period - Shot Misses the Net.
2:38 of 1st period - Snap shot by Mikko Koivu.
2:38 of 1st period - Stopped by Tuukka Rask without a rebound.
2:39 of 1st period - Nicklas Backstrom wins face-off versus Mikko Koivu in Blues zone.
3:12 of 1st period - Backhand shot by Chris Higgins.
3:12 of 1st period - Shot Blocked by Anton Volchenkov.
3:14 of 1st period - Snap shot by Drew Fata.
3:14 of 1st period - Deflect By Eric Gelinas.
3:14 of 1st period - Stopped by Jacob Markstrom without a rebound.
3:15 of 1st period - Nicklas Backstrom wins face-off versus Derek Roy in Jets zone.
4:10 of 1st period - Snap shot by Jimmy Hayes.
4:10 of 1st period - Shot Misses the Net.
4:26 of 1st period - Fredrik Sjostrom is hit by George Parros and loses puck.
4:39 of 1st period - Wrist shot by Tomas Plekanec.
4:39 of 1st period - Stopped by Jacob Markstrom with a rebound.
5:00 of 1st period - Wrist shot by Fredrik Sjostrom.
5:00 of 1st period - Shot Misses the Net.
5:10 of 1st period - Wrist shot by Lee Stempniak.
5:10 of 1st period - Shot Blocked by Drew Fata.
5:12 of 1st period - Backhand shot by Eric Gelinas.
5:12 of 1st period - Deflect By David Perron.
5:12 of 1st period - Stopped by Tuukka Rask with a rebound.
5:14 of 1st period - Wrist shot by Eric Gelinas.
5:14 of 1st period - Deflect By Drew Fata.
5:14 of 1st period - Stopped by Tuukka Rask without a rebound.
5:15 of 1st period - Travis Zajac wins face-off versus Derek Roy in Blues zone.
5:44 of 1st period - Wrist shot by Linus Omark.
5:44 of 1st period - Shot Hit the Post.
6:10 of 1st period - Snap shot by Jimmy Hayes.
6:10 of 1st period - Stopped by Tuukka Rask without a rebound.
6:11 of 1st period - Nicklas Backstrom wins face-off versus Erik Haula in Blues zone.
6:16 of 1st period - Slapshot by Joe Colborne.
6:16 of 1st period - Stopped by Tuukka Rask without a rebound.
6:17 of 1st period - Nicklas Backstrom wins face-off versus Dustin Brown in Blues zone.
6:29 of 1st period - Minor Penalty to Eric Gelinas for Tripping.
6:30 of 1st period - Nicklas Backstrom wins face-off versus Derek Roy in Jets zone.
7:10 of 1st period - Slapshot by Alex Pietrangelo.
7:10 of 1st period - Stopped by Jacob Markstrom with a rebound.
8:29 of 1st period - Penalty to Eric Gelinas is over, Eric Gelinas is back on ice.
9:03 of 1st period - Wrist shot by Dustin Brown.
9:03 of 1st period - Shot Misses the Net.
9:14 of 1st period - Off-side.
9:15 of 1st period - Derek Roy wins face-off versus Logan Couture in neutral zone.
9:26 of 1st period - Slapshot by Victor Hedman.
9:26 of 1st period - Shot Misses the Net.
9:32 of 1st period - Derek Roy is hit by Linus Omark and loses puck.
9:48 of 1st period - Slapshot by Devin Setoguchi.
9:48 of 1st period - Stopped by Tuukka Rask without a rebound.
9:49 of 1st period - Derek Stepan wins face-off versus Nicklas Backstrom in Blues zone.
9:50 of 1st period - Snap shot by Benoit Pouliot.
9:50 of 1st period - Goal by Benoit Pouliot - Jets : 1 - Blues : 0.
9:51 of 1st period - Nicklas Backstrom wins face-off versus Derek Stepan in neutral zone.
10:01 of 1st period - Wrist shot by Nicklas Backstrom.
10:01 of 1st period - Shot Blocked by Dustin Brown.
10:03 of 1st period - Snap shot by David Perron.
10:03 of 1st period - Stopped by Jacob Markstrom without a rebound.
10:04 of 1st period - Derek Stepan wins face-off versus Travis Zajac in Jets zone.
10:19 of 1st period - Snap shot by Chris Higgins.
10:19 of 1st period - Shot Misses the Net.
10:27 of 1st period - Minor Penalty to Marco Scandella for Goalie Interference.
10:28 of 1st period - Nicklas Backstrom wins face-off versus Erik Haula in Jets zone.
11:42 of 1st period - Icing by Cody Franson.
11:43 of 1st period - Chris Higgins wins face-off versus Joe Colborne in Blues zone.
12:24 of 1st period - Patrick Kaleta is hit by Anton Volchenkov and loses puck.
12:27 of 1st period - Penalty to Marco Scandella is over, Marco Scandella is back on ice.
13:09 of 1st period - Slapshot by Travis Zajac.
13:09 of 1st period - Shot Blocked by Marco Scandella.
13:11 of 1st period - Slapshot by Patrick Kaleta.
13:11 of 1st period - Shot Misses the Net.
13:26 of 1st period - Slapshot by Alex Pietrangelo.
13:26 of 1st period - Deflect By Chris Higgins.
13:26 of 1st period - Shot Misses the Net.
13:26 of 1st period - Puck is out of play.
13:27 of 1st period - Derek Stepan wins face-off versus Logan Couture in Jets zone.
13:32 of 1st period - Benoit Pouliot is hit by Victor Hedman and loses puck.
13:37 of 1st period - Snap shot by Logan Couture.
13:37 of 1st period - Goal by Logan Couture - Jets : 1 - Blues : 1.
13:38 of 1st period - Logan Couture wins face-off versus Derek Stepan in neutral zone.
13:50 of 1st period - Off-side.
13:51 of 1st period - Logan Couture wins face-off versus Derek Stepan in neutral zone.
14:18 of 1st period - Eric Gelinas is hit by Tomas Plekanec and loses puck.
14:27 of 1st period - Slapshot by Marcel Hossa.
14:27 of 1st period - Stopped by Jacob Markstrom without a rebound.
14:28 of 1st period - Nicklas Backstrom wins face-off versus Derek Roy in Jets zone.
14:45 of 1st period - Slapshot by David Perron.
14:45 of 1st period - Stopped by Jacob Markstrom with a rebound.
15:05 of 1st period - Snap shot by Joe Colborne.
15:05 of 1st period - Shot Blocked by Linus Omark.
15:07 of 1st period - Snap shot by Joe Colborne.
15:07 of 1st period - Stopped by Tuukka Rask with a rebound.
15:09 of 1st period - Backhand shot by Tomas Kundratek.
15:09 of 1st period - Stopped by Tuukka Rask with a rebound.
15:19 of 1st period - Wrist shot by Linus Omark.
15:19 of 1st period - Stopped by Jacob Markstrom with a rebound.
15:39 of 1st period - Jake Gardiner is hit by Tyler Myers and loses puck.
16:26 of 1st period - Wrist shot by Tomas Plekanec.
16:26 of 1st period - Stopped by Jacob Markstrom with a rebound.
16:28 of 1st period - Snap shot by Marcel Hossa.
16:28 of 1st period - Stopped by Jacob Markstrom with a rebound.
16:30 of 1st period - Snap shot by Tomas Plekanec.
16:30 of 1st period - Stopped by Jacob Markstrom without a rebound.
16:31 of 1st period - David Perron wins face-off versus Derek Stepan in Jets zone.
16:38 of 1st period - Wrist shot by Nicklas Backstrom.
16:38 of 1st period - Shot Blocked by Tyler Myers.
16:55 of 1st period - Icing by Patrick Kaleta.
16:56 of 1st period - Derek Roy wins face-off versus Travis Zajac in Blues zone.
17:45 of 1st period - Tyler Myers is hit by Cody Franson and loses puck.
18:13 of 1st period - Tomas Kundratek is hit by Alex Pietrangelo and loses puck.
18:23 of 1st period - Icing by Tomas Kundratek.
18:24 of 1st period - Travis Zajac wins face-off versus Joe Colborne in Jets zone.
18:25 of 1st period - Wrist shot by Chris Higgins.
18:25 of 1st period - Stopped by Jacob Markstrom without a rebound.
18:26 of 1st period - Derek Roy wins face-off versus Nicklas Backstrom in Jets zone.
18:45 of 1st period - Patrick Kaleta is hit by Derek Roy and loses puck.
19:18 of 1st period - Off-side.
19:19 of 1st period - Joe Colborne wins face-off versus Logan Couture in neutral zone.
19:22 of 1st period - Anton Volchenkov is hit by Drew Stafford and loses puck.
19:31 of 1st period - Snap shot by Joe Colborne.
19:31 of 1st period - Stopped by Tuukka Rask with a rebound.
19:42 of 1st period - Icing by Linus Omark.
19:43 of 1st period - Derek Roy wins face-off versus Nicklas Backstrom in Blues zone.
19:44 of 1st period - Snap shot by Marcus Johansson.
19:44 of 1st period - Stopped by Tuukka Rask without a rebound.
19:45 of 1st period - Nicklas Backstrom wins face-off versus Devin Setoguchi in Blues zone.
Goals for this period are 1 for Jets vs 1 for Blues.
Shots for this period are 11 for Jets vs 14 for Blues.
2nd period
0:01 of 2nd period - Nicklas Backstrom wins face-off versus Derek Roy in neutral zone.
0:06 of 2nd period - Snap shot by Patrick Kaleta.
0:06 of 2nd period - Stopped by Jacob Markstrom with a rebound.
0:08 of 2nd period - Slapshot by Alex Pietrangelo.
0:08 of 2nd period - Deflect By Nicklas Backstrom.
0:08 of 2nd period - Goal by Nicklas Backstrom - Jets : 1 - Blues : 2.
0:09 of 2nd period - Nicklas Backstrom wins face-off versus Derek Roy in neutral zone.
1:33 of 2nd period - Backhand shot by Drew Stafford.
1:33 of 2nd period - Shot Hit the Post.
1:35 of 2nd period - Slapshot by Alex Pietrangelo.
1:35 of 2nd period - Shot Blocked by Anton Volchenkov.
1:37 of 2nd period - Slapshot by Bryce Lampman.
1:37 of 2nd period - Deflect By Logan Couture.
1:37 of 2nd period - Stopped by Jacob Markstrom without a rebound.
1:38 of 2nd period - Nicklas Backstrom wins face-off versus Derek Roy in Jets zone.
2:00 of 2nd period - Minor Penalty to Patrick Kaleta for Slashing.
2:01 of 2nd period - Travis Zajac wins face-off versus Derek Roy in Blues zone.
2:01 of 2nd period - Travis Zajac is hit by Benoit Pouliot.
2:16 of 2nd period - Snap shot by Benoit Pouliot.
2:16 of 2nd period - Stopped by Tuukka Rask with a rebound.
2:18 of 2nd period - Snap shot by Dustin Brown.
2:18 of 2nd period - Goal by Dustin Brown - Jets : 2 - Blues : 2.
2:19 of 2nd period - Nicklas Backstrom wins face-off versus Derek Stepan in neutral zone.
2:24 of 2nd period - Tyler Myers is hit by Nicklas Backstrom and loses puck.
2:45 of 2nd period - Marco Scandella is hit by Chris Higgins and loses puck.
3:34 of 2nd period - Slapshot by Anton Volchenkov.
3:34 of 2nd period - Deflect By Joe Colborne.
3:34 of 2nd period - Shot Blocked by Drew Fata.
3:34 of 2nd period - Puck is out of play.
3:35 of 2nd period - Nicklas Backstrom wins face-off versus Derek Stepan in Blues zone.
3:49 of 2nd period - Off-side.
3:50 of 2nd period - Derek Roy wins face-off versus Travis Zajac in neutral zone.
3:53 of 2nd period - Chris Higgins is hit by Marcus Johansson and loses puck.
4:00 of 2nd period - Slapshot by Alex Pietrangelo.
4:00 of 2nd period - Stopped by Jacob Markstrom with a rebound.
4:02 of 2nd period - Slapshot by Alex Pietrangelo.
4:02 of 2nd period - Stopped by Jacob Markstrom with a rebound.
4:04 of 2nd period - Snap shot by Travis Zajac.
4:04 of 2nd period - Shot Misses the Net.
4:06 of 2nd period - Slapshot by Chris Higgins.
4:06 of 2nd period - Stopped by Jacob Markstrom without a rebound.
4:07 of 2nd period - Derek Stepan wins face-off versus Nicklas Backstrom in Jets zone.
4:11 of 2nd period - Off-side.
4:12 of 2nd period - Derek Stepan wins face-off versus Nicklas Backstrom in neutral zone.
4:29 of 2nd period - Snap shot by Benoit Pouliot.
4:29 of 2nd period - Goal by Benoit Pouliot - Jets : 3 - Blues : 2.
4:30 of 2nd period - Nicklas Backstrom wins face-off versus Derek Roy in neutral zone.
4:35 of 2nd period - Slapshot by Nicklas Backstrom.
4:35 of 2nd period - Stopped by Jacob Markstrom without a rebound.
4:36 of 2nd period - Derek Roy wins face-off versus Nicklas Backstrom in Jets zone.
4:38 of 2nd period - Minor Penalty to Anton Volchenkov for Interference.
4:39 of 2nd period - Nicklas Backstrom wins face-off versus Derek Roy in Jets zone.
4:47 of 2nd period - Wrist shot by David Perron.
4:47 of 2nd period - Goal by David Perron - Jets : 3 - Blues : 3.
4:48 of 2nd period - Nicklas Backstrom wins face-off versus Derek Stepan in neutral zone.
4:52 of 2nd period - Minor Penalty to David Perron for Holding.
4:53 of 2nd period - Travis Zajac wins face-off versus Derek Roy in Blues zone.
5:00 of 2nd period - Wrist shot by Benoit Pouliot.
5:00 of 2nd period - Goal by Benoit Pouliot - Jets : 4 - Blues : 3.
5:01 of 2nd period - Derek Stepan wins face-off versus Nicklas Backstrom in neutral zone.
5:12 of 2nd period - Wrist shot by Nicklas Backstrom.
5:12 of 2nd period - Stopped by Jacob Markstrom with a rebound.
5:14 of 2nd period - Slapshot by David Perron.
5:14 of 2nd period - Stopped by Jacob Markstrom without a rebound.
5:15 of 2nd period - Derek Roy wins face-off versus Nicklas Backstrom in Jets zone.
5:15 of 2nd period - Derek Roy is hit by Drew Fata.
5:20 of 2nd period - Minor Penalty to Drew Fata for Hooking.
5:21 of 2nd period - Derek Roy wins face-off versus Travis Zajac in Blues zone.
7:20 of 2nd period - Penalty to Drew Fata is over, Drew Fata is back on ice.
7:53 of 2nd period - Minor Penalty to George Parros for Hooking.
7:54 of 2nd period - Travis Zajac wins face-off versus Benoit Pouliot in Blues zone.
8:31 of 2nd period - Slapshot by Devin Setoguchi.
8:31 of 2nd period - Shot Hit the Post.
9:15 of 2nd period - Minor Penalty to Jake Gardiner for High sticking.
9:16 of 2nd period - Derek Stepan wins face-off versus Travis Zajac in Blues zone.
9:53 of 2nd period - Penalty to George Parros is over, George Parros is back on ice.
10:35 of 2nd period - Bryce Lampman is hit by Derek Stepan and loses puck.
10:46 of 2nd period - Benoit Pouliot is hit by Cody Franson and loses puck.
11:15 of 2nd period - Penalty to Jake Gardiner is over, Jake Gardiner is back on ice.
11:21 of 2nd period - Chris Higgins is hit by Tyler Myers and loses puck.
11:22 of 2nd period - Chris Higgins from Blues is injured at 11:22 of 2nd period (Sprained Left Finger).
11:23 of 2nd period - Derek Stepan wins face-off versus Nicklas Backstrom in Blues zone.
11:24 of 2nd period - Wrist shot by Benoit Pouliot.
11:24 of 2nd period - Stopped by Tuukka Rask without a rebound.
11:24 of 2nd period - Minor Penalty to Tuukka Rask for Slashing.
11:25 of 2nd period - Derek Roy wins face-off versus Travis Zajac in Blues zone.
12:00 of 2nd period - Wrist shot by Devin Setoguchi.
12:00 of 2nd period - Shot Misses the Net.
13:24 of 2nd period - Penalty to Nicklas Backstrom is over, Nicklas Backstrom is back on ice.
14:20 of 2nd period - Slapshot by David Perron.
14:20 of 2nd period - Goal by David Perron - Jets : 4 - Blues : 4.
14:21 of 2nd period - Logan Couture wins face-off versus Derek Stepan in neutral zone.
14:38 of 2nd period - Slapshot by Benoit Pouliot.
14:38 of 2nd period - Stopped by Tuukka Rask with a rebound.
14:48 of 2nd period - Lee Stempniak is hit by Victor Hedman and loses puck.
15:01 of 2nd period - Erik Haula is hit by Cody Franson and loses puck.
15:19 of 2nd period - Minor Penalty to Joe Colborne for Charging.
15:20 of 2nd period - Nicklas Backstrom wins face-off versus Derek Roy in Jets zone.
15:21 of 2nd period - Wrist shot by David Perron.
15:21 of 2nd period - Shot Misses the Net.
17:08 of 2nd period - Dustin Brown is hit by Tomas Plekanec and loses puck.
17:19 of 2nd period - Penalty to Joe Colborne is over, Joe Colborne is back on ice.
17:44 of 2nd period - Marcus Johansson is hit by George Parros and loses puck.
19:31 of 2nd period - Snap shot by Lee Stempniak.
19:31 of 2nd period - Shot Blocked by Bryce Lampman.
19:47 of 2nd period - Wrist shot by Marcel Hossa.
19:47 of 2nd period - Shot Misses the Net.
Goals for this period are 3 for Jets vs 3 for Blues.
Shots for this period are 6 for Jets vs 11 for Blues.
3rd period
0:01 of 3rd period - Derek Roy wins face-off versus Nicklas Backstrom in neutral zone.
0:56 of 3rd period - Snap shot by Mikko Koivu.
0:56 of 3rd period - Stopped by Tuukka Rask without a rebound.
0:57 of 3rd period - Derek Roy wins face-off versus Logan Couture in Blues zone.
0:58 of 3rd period - Snap shot by Marcus Johansson.
0:58 of 3rd period - Stopped by Tuukka Rask with a rebound.
1:14 of 3rd period - Snap shot by Logan Couture.
1:14 of 3rd period - Shot Misses the Net.
1:16 of 3rd period - Backhand shot by Drew Stafford.
1:16 of 3rd period - Goal by Drew Stafford - Jets : 4 - Blues : 5.
1:17 of 3rd period - Nicklas Backstrom wins face-off versus Derek Roy in neutral zone.
2:09 of 3rd period - Snap shot by Lee Stempniak.
2:09 of 3rd period - Shot Blocked by Logan Couture.
2:11 of 3rd period - Wrist shot by Lee Stempniak.
2:11 of 3rd period - Shot Blocked by Bryce Lampman.
2:15 of 3rd period - Wrist shot by Mikko Koivu.
2:15 of 3rd period - Shot Misses the Net.
2:27 of 3rd period - Slapshot by Alex Pietrangelo.
2:27 of 3rd period - Stopped by Jacob Markstrom with a rebound.
2:29 of 3rd period - Backhand shot by Bryce Lampman.
2:29 of 3rd period - Shot Misses the Net.
3:09 of 3rd period - Travis Zajac is hit by Dustin Brown and loses puck.
3:24 of 3rd period - Wrist shot by David Perron.
3:24 of 3rd period - Stopped by Jacob Markstrom with a rebound.
3:44 of 3rd period - Wrist shot by Marcus Johansson.
3:44 of 3rd period - Shot Misses the Net.
3:50 of 3rd period - Devin Setoguchi is hit by Logan Couture.
4:08 of 3rd period - Slapshot by Marcel Hossa.
4:08 of 3rd period - Shot Misses the Net.
5:01 of 3rd period - Drew Fata is hit by Marcus Johansson and loses puck.
5:38 of 3rd period - David Perron is hit by Joe Colborne and loses puck.
5:43 of 3rd period - Snap shot by Jimmy Hayes.
5:43 of 3rd period - Stopped by Tuukka Rask without a rebound.
5:44 of 3rd period - Derek Roy wins face-off versus Travis Zajac in Blues zone.
5:51 of 3rd period - Wrist shot by Marcus Johansson.
5:51 of 3rd period - Stopped by Tuukka Rask without a rebound.
5:52 of 3rd period - Devin Setoguchi wins face-off versus Travis Zajac in Blues zone.
5:59 of 3rd period - Snap shot by Devin Setoguchi.
5:59 of 3rd period - Stopped by Tuukka Rask without a rebound.
6:00 of 3rd period - Derek Stepan wins face-off versus Nicklas Backstrom in Blues zone.
6:01 of 3rd period - Slapshot by Benoit Pouliot.
6:01 of 3rd period - Stopped by Tuukka Rask without a rebound.
6:02 of 3rd period - Nicklas Backstrom wins face-off versus Derek Stepan in Blues zone.
6:02 of 3rd period - Nicklas Backstrom is hit by Dustin Brown.
6:30 of 3rd period - Snap shot by Sergei Shirokov.
6:30 of 3rd period - Shot Blocked by Derek Roy.
7:11 of 3rd period - Icing by Bryce Lampman.
7:12 of 3rd period - Nicklas Backstrom wins face-off versus Joe Colborne in Blues zone.
8:01 of 3rd period - Slapshot by Alex Pietrangelo.
8:01 of 3rd period - Stopped by Jacob Markstrom without a rebound.
8:02 of 3rd period - Logan Couture wins face-off versus Derek Roy in Jets zone.
9:25 of 3rd period - Slapshot by Anton Volchenkov.
9:25 of 3rd period - Stopped by Tuukka Rask without a rebound.
9:26 of 3rd period - Derek Roy wins face-off versus Nicklas Backstrom in Blues zone.
9:55 of 3rd period - Tyler Myers is hit by Cody Franson and loses puck.
10:20 of 3rd period - Travis Zajac is hit by Tomas Kundratek and loses puck.
10:43 of 3rd period - Slapshot by Lee Stempniak.
10:43 of 3rd period - Shot Misses the Net.
10:45 of 3rd period - Minor Penalty to Marcel Hossa for Hooking.
10:46 of 3rd period - Travis Zajac wins face-off versus Mikko Koivu in Blues zone.
10:46 of 3rd period - Travis Zajac is hit by Tyler Myers.
11:14 of 3rd period - Marco Scandella is hit by Patrick Kaleta and loses puck.
12:03 of 3rd period - Snap shot by David Perron.
12:03 of 3rd period - Shot Blocked by Eric Gelinas.
12:21 of 3rd period - Dustin Brown is hit by Logan Couture and loses puck.
12:26 of 3rd period - Snap shot by Drew Stafford.
12:26 of 3rd period - Stopped by Jacob Markstrom with a rebound.
12:45 of 3rd period - Penalty to Marcel Hossa is over, Marcel Hossa is back on ice.
12:54 of 3rd period - Backhand shot by George Parros.
12:54 of 3rd period - Deflect By Tomas Plekanec.
12:54 of 3rd period - Shot Misses the Net.
12:54 of 3rd period - Puck is out of play.
12:55 of 3rd period - Fredrik Sjostrom wins face-off versus Tomas Plekanec in Jets zone.
13:00 of 3rd period - Marcel Hossa is hit by Fredrik Sjostrom and loses puck.
13:48 of 3rd period - Wrist shot by Fredrik Sjostrom.
13:48 of 3rd period - Shot Misses the Net.
13:50 of 3rd period - Snap shot by Mikko Koivu.
13:50 of 3rd period - Shot Blocked by Victor Hedman.
13:52 of 3rd period - Slapshot by Anton Volchenkov.
13:52 of 3rd period - Stopped by Tuukka Rask with a rebound.
13:54 of 3rd period - Slapshot by Eric Gelinas.
13:54 of 3rd period - Deflect By Fredrik Sjostrom.
13:54 of 3rd period - Stopped by Tuukka Rask without a rebound.
13:55 of 3rd period - Nicklas Backstrom wins face-off versus Derek Stepan in Blues zone.
13:55 of 3rd period - Nicklas Backstrom is hit by Benoit Pouliot.
14:27 of 3rd period - Snap shot by Travis Zajac.
14:27 of 3rd period - Shot Misses the Net.
15:20 of 3rd period - Snap shot by Derek Roy.
15:20 of 3rd period - Stopped by Tuukka Rask with a rebound.
15:51 of 3rd period - Icing by Marco Scandella.
15:52 of 3rd period - Derek Roy wins face-off versus Nicklas Backstrom in Jets zone.
16:17 of 3rd period - Snap shot by Benoit Pouliot.
16:17 of 3rd period - Shot Misses the Net.
16:35 of 3rd period - Slapshot by Tyler Myers.
16:35 of 3rd period - Stopped by Tuukka Rask with a rebound.
16:37 of 3rd period - Snap shot by Joe Colborne.
16:37 of 3rd period - Stopped by Tuukka Rask with a rebound.
16:39 of 3rd period - Wrist shot by Joe Colborne.
16:39 of 3rd period - Stopped by Tuukka Rask without a rebound.
16:40 of 3rd period - Travis Zajac wins face-off versus Joe Colborne in Blues zone.
17:21 of 3rd period - Wrist shot by Mikko Koivu.
17:21 of 3rd period - Stopped by Tuukka Rask with a rebound.
17:38 of 3rd period - Slapshot by Nicklas Backstrom.
17:38 of 3rd period - Stopped by Jacob Markstrom with a rebound.
17:40 of 3rd period - Snap shot by Nicklas Backstrom.
17:40 of 3rd period - Shot Blocked by Justin Falk.
17:42 of 3rd period - Snap shot by Patrick Kaleta.
17:42 of 3rd period - Stopped by Jacob Markstrom without a rebound.
17:43 of 3rd period - Mikko Koivu wins face-off versus Nicklas Backstrom in Jets zone.
17:43 of 3rd period - Mikko Koivu is hit by Nicklas Backstrom.
17:51 of 3rd period - Snap shot by Mikko Koivu.
17:51 of 3rd period - Shot Misses the Net.
17:53 of 3rd period - Slapshot by Fredrik Sjostrom.
17:53 of 3rd period - Stopped by Tuukka Rask without a rebound.
17:54 of 3rd period - Logan Couture wins face-off versus Fredrik Sjostrom in Blues zone.
17:56 of 3rd period - Minor Penalty to Alex Pietrangelo for Holding.
17:57 of 3rd period - Derek Roy wins face-off versus Travis Zajac in Blues zone.
19:07 of 3rd period - Marcus Johansson is hit by Drew Fata and loses puck.
19:14 of 3rd period - Anton Volchenkov is hit by David Perron.
19:18 of 3rd period - Devin Setoguchi is hit by Jake Gardiner and loses puck.
19:56 of 3rd period - Penalty to Alex Pietrangelo is over, Alex Pietrangelo is back on ice.
Goals for this period are 0 for Jets vs 1 for Blues.
Shots for this period are 15 for Jets vs 7 for Blues.
Back to the Top